 Dungeon Crawl Stone Soup version 0.29.0-7-g18a832c13a (webtiles) character file.

Game seed: 16125079030451531908

9 NinjaNoafa the Poker (level 2, 23/23 HPs)
             Began as a Merfolk Gladiator on Sept 1, 2022.
             Quit the game on level 1 of the Dungeon.
             The game lasted 00:01:55 (532 turns).

NinjaNoafa the Poker (Merfolk Gladiator)             Turns: 532, Time: 00:01:56

Health: 23/23      AC:  4    Str: 14    XL:     2   Next: 12%
Magic:  2/2        EV: 17    Int:  7    God:
Gold:   30         SH:  0    Dex: 15    Spells: 1/1 levels left

rFire   . . .      SeeInvis .   a - +0 trident
rCold   . . .      Faith    .   (no shield)
rNeg    . . .      Spirit   .   b - +0 leather armour
rPois   .          Reflect  .   c - +0 helmet
rElec   .          Harm     .   (no cloak)
rCorr   .          Rampage  .   (no gloves)
Will    .....                   (no boots)
Stlth   +.........              (no amulet)
HPRegen 0.07/turn               n - +4 ring of evasion
MPRegen 0.08/turn               (no ring)

@: no status effects
A: (nimble swimmer 2), mertail
a: no special abilities


You were on level 1 of the Dungeon.
You visited 1 branch of the dungeon, and saw 1 of its levels.

You collected 30 gold pieces.

Inventory:

Hand Weapons
 a - a +0 trident (weapon)
Missiles
 d - 3 throwing nets (quivered)
 e - a javelin
 f - 10 stones
 g - 2 poisoned darts
 l - 4 atropa-tipped darts
Armour
 b - a +0 leather armour (worn)
 c - a +0 helmet (worn)
Jewellery
 n - a +4 ring of evasion (left hand)
Scrolls
 h - a scroll of enchant weapon {unknown}
 i - a scroll of torment {unknown}
 j - a scroll of summoning {unknown}
 k - a scroll of fear {unknown}
 m - a scroll of identify {unknown}


   Skills:
 + Level 2.6 Fighting
 - Level 4.4 Polearms
 - Level 2.0 Throwing
 - Level 4.0 Dodging


You had one spell level left.
You didn't know any spells.
Your spell library was empty.

Dungeon Overview and Level Annotations

Branches:
Dungeon (1/15)

Altars:


Innate Abilities, Weirdness & Mutations

((You are very nimble when in or above water. (Stealth+, EV+, Speed+++)))
Your lower body shifts to a powerful aquatic tail in water.


Message History

Press: ? - help, Dir - move target, f - kobold
Aim: a kobold, wielding a +0 club and quivering stones (about 47% to evade your +0 trident)
You reach to attack!
You hit the kobold.
The kobold is heavily wounded.
You barely miss the kobold.
The kobold is heavily wounded.
The kobold hits you with a +0 club.
You hit the kobold.
You kill the kobold!
f - 10 stones (gained 1)
Things that are here:
a +0 club; a kobold corpse Your legs become a tail as you enter the water.
A rat comes into view.
A rat is nearby!
Reach: a) +0 trident
Press: ? - help, Dir - move target, f - rat
Aim: a rat (black smoke, about 40% to evade your +0 trident)
You reach to attack!
You hit the rat.
The rat is moderately wounded.
Reach: a) +0 trident
Press: ? - help, Dir - move target, f/p - rat
Aim: a rat (moderately wounded, about 40% to evade your +0 trident)
You hit the rat.
You kill the rat!
You see here a rat corpse.
Your legs become a tail as you enter the water.
l - 4 atropa-tipped darts Your legs become a tail as you enter the water.
m - a scroll labelled CILUKI KIXURE Your legs become a tail as you enter the water.
Found a stone staircase leading down.
You now have 24 gold pieces (gained 15).
You now have 30 gold pieces (gained 6).
n - a +4 ring of evasion A kobold comes into view.
It is wielding a +0 whip.
Found a sedimented red potion.
The kobold moves out of view.
n - a +4 ring of evasion (left hand)
You see here a scroll labelled ASTOCEACEP.
Are you sure you want to abandon this character and quit the game? (Confirm with "yes".)

........#.#.......≈..
#.....#.#.#.####..≈.§ .
#...>.............≈.. ..
#.........#.####..§≈~
#..#..............#..#§.
.............#.##.#..##.
#..#.........####.#.. ##
#.................#. #
##..#.#@####.###### #
........K....# .
............... .#
#######.#......
....##### ...!# ... #
##.#.


You could see a kobold.

Vanquished Creatures
  2 endoplasms (D:1)
  A goblin (D:1)
  A hobgoblin (D:1)
  A kobold (D:1)
  A ball python (D:1)
  A bat (D:1)
  A rat (D:1)
8 creatures vanquished.

Notes
Turn   | Place    | Note
-------+----------+-------------------------------------------
     0 | D:1      | NinjaNoafa the Merfolk Gladiator began the quest for the
                  | Orb.
     0 | D:1      | Reached XP level 1. HP: 16/16 MP: 1/1
   371 | D:1      | Found a faded altar of an unknown god.
   377 | D:1      | Reached XP level 2. HP: 21/23 MP: 2/2
   532 | D:1      | Quit the game

Illustrated notes

Levels and vault maps discovered:
D:1:      dpeg_arrival_pond, layout_basic,
          shapermc_ecumenical_altar_starsandcircs

Action                   || total
-------------------------++-------
Melee: Trident           ||    27
Armor: Leather armour    ||     5
Dodge: Dodged            ||    11
